AoeStats
← hightower_208

Lombardia

508660503Analyzed
2v2 RM · 9d ago on Sep 23, 2026· 34m 59s· 4 players
Game mode
Random Map
Map size
Medium (4 player)
Population
200
Speed
Normal
Resources
Standard
Victory
Conquest
Starting age
Dark Age
Ending age
Imperial Age
RankedLock teamsTeams togetherTeam positionsShared explorationLock speedFull tech treeHidden civsTurbo modeCheats
Victory
Defeat
🇦🇷 Georgians · Argentina
1732
+14
🇦🇷 Huns · Argentina
1729
+14
🇩🇪 Varangians · Germany
1699
-15
🇩🇪 Danes · Germany
1670
-13
hightower_208
6:17 Loom
8:34 Feudal Age
9:41 Double-Bit Axe
16:05 Bloodlines
18:30 Scale Barding Armor
20:07 Forging
23:25 Castle Age
22:32 Horse Collar
23:32 Light Cavalry
24:38 Chain Barding Armor
30:04 Wheelbarrow
32:15 Gold Mining
Mjoelnir
4:43 Loom
9:19 Feudal Age
9:24 Man-at-Arms
10:51 Arson
12:56 Scale Mail Armor
17:56 Forging
23:53 Castle Age
22:08 Double-Bit Axe
24:54 Wheelbarrow
24:55 Chain Mail Armor
24:41 Squires
34:30 Iron Casting
★ DrumM ❿
6:38 Loom
8:50 Feudal Age
9:33 Double-Bit Axe
9:31 Horse Collar
16:53 Wheelbarrow
16:30 Fletching
18:09 Forging
22:28 Castle Age
21:57 Bloodlines
22:23 Gold Mining
23:08 Bodkin Arrow
23:48 Bow Saw
23:06 Crossbowman
25:23 Husbandry
25:39 Padded Archer Armor
27:28 Ballistics
28:00 Hand Cart
30:16 Heavy Plow
32:11 Leather Archer Armor
32:34 Town Watch
36:58 Imperial Age
35:14 Stone Mining
MrLokura
6:36 Loom
8:52 Feudal Age
9:29 Double-Bit Axe
10:37 Horse Collar
22:54 Castle Age
21:20 Forging
22:07 Bloodlines
22:13 Gold Mining
23:46 Wheelbarrow
24:18 Iron Casting
24:11 Bow Saw
24:05 Heavy Plow
25:32 Town Watch
28:41 Husbandry
29:48 Scale Barding Armor
32:01 Chain Barding Armor
38:02 Imperial Age
Connection lost

Rejoining the realm…

Still unreachable

The connection could not be restored.

Session expired

The server has moved on; the page needs a fresh start.